Map: Eternal Empire LE

Players

TYTY (TY) - Winner!

  • Race: Terran Terran
  • Spawn Location: 1:00

Hurricane

  • Race: Protoss Protoss
  • Spawn Location: 7:00

Event: IEM Katowice 2020

VOD

Have the link to the VOD?

Description

Time

  • Played on: Feb. 28, 2020, 10:43 a.m.
  • Length: 10:33

All games in this series

Show
View Real Time Build Order
Export as new Build Order

TYTY Terran - Winner!

Build Orders: Cyclone Opening, Gas First Reaper Expand 

Get SALT Encoding   

  12  0:00  SCV  
  13  0:12  SCV  
  14  0:17  Supply Depot  
  14  0:24  SCV  
  14  0:27  Refinery  
  15  0:39  SCV  
  16  0:44  Barracks  
  16  0:51  SCV  
  17  1:03  SCV  
  18  1:15  SCV  
  19  1:31  Reaper  
  19  1:32  Orbital Command  
  20  1:45  Command Center  
  20  1:55  Factory  
  20  1:58  SCV  
  21  2:06  Barracks Reactor  
  21  2:09  Supply Depot  
  21  2:12  SCV  
  22  2:20  Refinery  
  22  2:24  SCV  
  23  2:36  SCV  
  24  2:38  Factory Tech Lab  
  24  2:42  Marine  
  24  2:43  Marine  
  26  2:48  SCV  
  27  2:56  Orbital Command  
  27  2:57  Cyclone  
  30  3:00  Marine x2  
  30  3:04  SCV  
  33  3:16  SCV  
  33  3:18  Marine x2  
  36  3:24  SCV  
  37  3:33  Cyclone  
  40  3:35  SCV  
  40  3:36  Marine x2  
  40  3:43  SCV  
  40  3:49  SCV  
  40  3:50  Command Center  
  40  3:54  Supply Depot  
  42  3:56  Marine x2  
  42  4:02  SCV x2  
  45  4:06  Starport  
  45  4:15  Siege Tank  
  49  4:17  SCV  
  49  4:19  SCV  
  49  4:21  Supply Depot  
  50  4:25  Marine x2  
  50  4:29  SCV  
  53  4:31  SCV  
  54  4:43  SCV, Marine x2  
  57  4:46  Supply Depot  
  57  4:47  Liberator  
  61  4:56  SCV  
  61  4:58  Supply Depot  
  62  5:01  Marine x2  
  62  5:02  Siege Tank  
  62  5:03  SCV, Orbital Command  
  67  5:10  SCV  
  67  5:15  Barracks  
  67  5:19  SCV  
  67  5:20  Marine x2  
  70  5:22  Barracks  
  70  5:32  SCV x2  
  70  5:34  Siege Tank  
  77  5:37  Marine  
  77  5:38  Marine, Starport Tech Lab  
  77  5:40  Refinery  
  77  5:41  Refinery  
  77  5:42  Supply Depot  
  77  5:44  SCV  
  77  5:46  SCV  
  79  5:55  SCV, Marine x2  
  79  5:56  SCV  
  83  5:58  Raven  
  85  6:04  Supply Depot, Barracks Tech Lab  
  85  6:07  SCV x2  
  87  6:11  Siege Tank  
  87  6:13  Marine x2  
  87  6:17  Marine  
  90  6:19  SCV  
  90  6:21  SCV  
  90  6:24  Marine  
  92  6:27  SCV  
  92  6:31  Marine x2  
  92  6:36  Stimpack  
  92  6:41  Engineering Bay  
  92  6:42  Engineering Bay  
  92  6:45  SCV x2  
  92  6:46  Siege Tank  
  97  6:48  Marine  
  97  6:49  Starport Reactor, Marine x2  
  97  6:51  Marine  
  97  6:53  Orbital Command  
  100  6:57  Combat Shield  
  100  6:58  Barracks x2  
  100  6:59  SCV x2  
  100  7:08  Supply Depot  
  100  7:09  Supply Depot, Terran Infantry Weapons Level 1, Terran Infantry Armor Level 1  
  100  7:13  Marine x2  
  100  7:14  Marine  
  103  7:18  Marauder  
  103  7:22  Supply Depot  
  105  7:25  SCV x3  
  104  7:31  Marine x2  
  104  7:37  Marine  
  103  7:38  Medivac, Marine  
  103  7:40  Medivac  
  109  7:46  Barracks Reactor  
  109  7:50  Missile Turret  
  109  7:52  SCV x3  
  109  7:55  Marine x2  
  114  8:03  Supply Depot  
  114  8:04  SCV x2  
  114  8:05  SCV  
  120  8:08  Medivac  
  120  8:10  Medivac, Marine x3  
  123  8:13  Marine  
  123  8:14  Bunker  
  123  8:16  SCV  
  123  8:17  SCV  
  123  8:18  SCV  
  123  8:19  Marine  
  128  8:21  Supply Depot  
  128  8:27  Supply Depot, Marine  
  128  8:28  Missile Turret, Marine  
  128  8:29  SCV x2  
  128  8:33  SCV  
  133  8:35  Supply Depot  
  133  8:39  Marauder, Marine x2  
  133  8:40  Marauder  
  133  8:41  SCV  
  140  8:42  SCV  
  140  8:43  Marine  
  140  8:45  Medivac, Marine  
  140  8:47  Medivac  
  147  8:50  Marine  
  147  8:53  Supply Depot  
  147  8:57  Armory, Marine  
  147  8:58  SCV x2  
  147  8:59  SCV  
  147  9:02  Supply Depot  
  151  9:03  Marauder x2, Marine  
  151  9:04  Marine  
  155  9:15  Medivac  
  154  9:20  Marauder, Marine x2  
  154  9:22  SCV x2  
  154  9:24  Marauder  
  146  9:33  Marauder, Marine x2  
  146  9:36  SCV x2  
  140  9:39  Marine x2  
  140  9:41  Marauder  
  140  9:45  Marine  
  137  9:49  Medivac  
  137  9:51  Marine  
  135  9:54  Marine x2  
  135  9:56  SCV  
  135  9:59  SCV x2  
  132  10:02  Command Center  
  132  10:03  Marauder  
  132  10:04  Marauder  
  130  10:08  SCV  
  130  10:11  SCV x2  
  132  10:20  SCV  
Show
View Real Time Build Order
Export as new Build Order

Hurricane Protoss 

Build Orders: 1 Gate Expand 

Get SALT Encoding   

  12  0:00  Probe  
  13  0:12  Probe  
  14  0:17  Pylon  
  14  0:24  Probe (Chrono Boost)  
  15  0:35  Gateway  
  15  0:37  Probe (Chrono Boost)  
  16  0:44  Probe (Chrono Boost)  
  16  0:45  Assimilator  
  17  0:51  Probe  
  18  1:03  Probe  
  19  1:15  Probe  
  20  1:22  Nexus  
  20  1:33  Cybernetics Core  
  20  1:36  Probe  
  21  1:42  Assimilator  
  21  1:48  Probe  
  21  1:51  Pylon  
  22  2:00  Pylon  
  22  2:01  Probe  
  23  2:06  Adept (Chrono Boost)  
  23  2:13  Probe  
  26  2:21  Stargate  
  26  2:25  Probe, Adept  
  26  2:27  Warp Gate  
  30  2:37  Probe (Chrono Boost)  
  31  2:46  Probe x2 (Chrono Boost)  
  32  2:51  Probe (Chrono Boost)  
  32  2:52  Probe  
  32  2:56  Adept  
  36  3:04  Probe  
  40  3:07  Probe  
  41  3:16  Probe  
  41  3:19  Probe  
  43  3:27  Pylon  
  43  3:28  Probe  
  43  3:31  Probe  
  45  3:39  Pylon  
  45  3:44  Probe  
  45  3:45  Probe  
  45  3:48  Nexus  
  44  3:53  Gateway  
  44  3:54  Gateway  
  44  3:55  Twilight Council  
  41  3:58  Probe  
  41  4:00  Probe  
  43  4:05  Robotics Facility  
  43  4:11  Probe  
  43  4:12  Probe  
  43  4:13  Assimilator  
  43  4:14  Sentry  
  47  4:23  Probe, Pylon, Blink (Chrono Boost)  
  48  4:24  Probe  
  48  4:29  Pylon  
  49  4:35  Probe  
  49  4:36  Probe  
  49  4:37  Stalker  
  53  4:46  Pylon  
  53  4:47  Probe  
  53  4:48  Stalker x2  
  56  4:55  Probe  
  56  4:59  Probe  
  58  5:02  Observer  
  58  5:03  Stalker  
  58  5:05  Probe  
  58  5:07  Probe  
  63  5:13  Probe  
  63  5:14  Stalker x2  
  66  5:17  Forge  
  66  5:18  Forge  
  66  5:19  Probe x2  
  70  5:23  Observer  
  71  5:29  Probe  
  70  5:35  Pylon  
  70  5:36  Probe x2  
  70  5:38  Pylon  
  70  5:41  Probe, Sentry  
  75  5:47  Warp Prism  
  75  5:48  Probe x2  
  79  5:50  Protoss Ground Weapons Level 1  
  79  5:53  Probe  
  80  5:57  Protoss Ground Armor Level 1  
  80  6:00  Charge (Chrono Boost)  
  80  6:01  Gateway x2  
  80  6:06  Stalker  
  80  6:07  Zealot x2  
  80  6:25  Probe  
  80  6:29  Stalker, Zealot  
  80  6:31  Immortal (Chrono Boost)  
  77  6:43  Gateway  
  77  6:44  Pylon  
  77  6:46  Pylon x2  
  76  6:52  Stalker  
  78  7:01  Templar Archives  
  78  7:02  Assimilator  
  78  7:03  Pylon  
  78  7:09  Nexus  
  78  7:11  Pylon, Sentry, Zealot  
  82  7:15  Probe x2  
  82  7:34  Probe x2  
  68  7:37  Stalker  
  68  7:38  Stalker, Zealot  
  68  7:39  Immortal  
  79  7:51  Probe x2  
  79  7:52  Psionic Storm  
  79  7:55  Gateway  
  79  7:56  Gateway  
  78  8:09  Probe x2  
  78  8:10  High Templar  
  78  8:12  Zealot x2  
  86  8:19  Assimilator  
  86  8:20  Zealot x2, High Templar  
  86  8:22  Assimilator  
  92  8:28  Probe x3  
  92  8:33  High Templar  
  97  8:37  Zealot, Observer  
  100  8:43  Pylon, Zealot x3  
  106  8:52  High Templar  
  106  8:54  Zealot x2, Photon Cannon  
  110  9:01  High Templar  
  109  9:13  Zealot x3  
  109  9:14  Zealot  
  113  9:22  Zealot x2  
  105  9:29  Zealot  
  93  9:33  Archon  
  93  9:34  Stalker x2, Archon  
  93  9:35  Zealot x3  
  84  9:46  Immortal (Chrono Boost)  
  84  9:48  Zealot x2  
  84  9:50  Zealot  
  87  10:02  High Templar  
  87  10:03  High Templar x4  
  96  10:08  Archon x2  
  96  10:09  Archon  
  96  10:11  Zealot x3  
  90  10:28  Nexus  

Tags
 
Add a new tag
Caveats
  • Supply blocks, unpowered buildings, or Contaminate may cause inaccurate times.
  • Supply counts are checked every 10 seconds.